 Dungeon Crawl Stone Soup version 0.27-a0-1312-g5cdb2b3542 (webtiles) character file.

Game seed: 16535842563859680031

595 bilbop the Magician (level 7, 0/51 HPs)
             Began as a Mummy Summoner on June 20, 2021.
             Was an Initiate of Yredelemnul.
             Slain by a black bear (10 damage)
             ... on level 6 of the Dungeon.
             The game lasted 00:42:54 (6168 turns).

bilbop the Magician (Mummy Summoner)                Turns: 6168, Time: 00:42:54

Health: 0/51       AC:  7    Str: 12    XL:     7   Next: 17%
Magic:  11/13      EV: 12    Int: 15    God:    Yredelemnul [......]
Gold:   2098       SH:  4    Dex: 13    Spells: 11/14 levels left

rFire    x . .     SeeInvis .   a - +0 dagger
rCold    + . .     Faith    .   g - +0 buckler
rNeg     + + +     Spirit   .   d - +0 robe
rPois    ∞         Reflect  .   l - +2 hat
rElec    .         Harm     .   (no cloak)
rCorr    .         Rampage  .   b - +2 pair of gloves
Will     .....                  (no boots)
Stlth    ++........             i - amulet of regeneration
HPRegen  1.17/turn              (no ring)
MPRegen  0.13/turn              (no ring)

@: no status effects
A: cold resistance 1, negative energy resistance 3, torment resistance 2, heat
vulnerability 1, no potions
a: Renounce Religion


You were on level 6 of the Dungeon.
You worshipped Yredelemnul.
Yredelemnul was noncommittal.
You visited 1 branch of the dungeon, and saw 6 of its levels.

You collected 2098 gold pieces.

Inventory:

Hand Weapons
 a - a +0 dagger (weapon)
Armour
 b - a +2 pair of gloves (worn)
 d - a +0 robe (worn)
 e - a +0 leather armour
 g - a +0 buckler (worn)
 l - a +2 hat (worn)
Jewellery
 i - an amulet of regeneration (around neck)
Wands
 h - a wand of flame (22)
 j - a wand of mindburst (10)
 n - a wand of digging (3)
Scrolls
 c - a scroll of teleportation {unknown}
 f - a scroll of fear
 k - a scroll of blinking
 m - a scroll of identify
 o - a scroll of noise {unknown}


   Skills:
 + Level 2.4 Fighting
 + Level 2.1 Short Blades
 + Level 2.9 Dodging
 + Level 2.9 Stealth
 + Level 2.0 Shields
 + Level 4.1 Spellcasting
 + Level 4.0 Summonings
 + Level 1.3 Invocations


You had 11 spell levels left.
You knew the following spells:

 Your Spells              Type           Power      Damage    Failure   Level
a - Summon Small Mammal   Summ           60%        N/A       4%          1
b - Call Imp              Summ           15%        N/A       7%          2

Your spell library contained the following spells:

 Spells                   Type           Power      Damage    Failure   Level
 Call Canine Familiar     Summ           15%        N/A       13%         3
 Animate Skeleton         Necr           6%         N/A       22%         1
 Corona                   Hex            3%         N/A       22%         1
 Freeze                   Ice            12%        1d4       22%         1
 Pain                     Necr           12%        1d4       22%         1
 Summon Guardian Golem    Hex/Summ       9%         N/A       30%         3
 Ensorcelled Hibernation  Hex/Ice        6%         N/A       34%         2
 Confusing Touch          Hex            3%         N/A       56%         3
 Dazzling Flash           Conj/Hex       6%         N/A       56%         3
 Frozen Ramparts          Ice            6%         1d2       56%         3
 Gell's Gravitas          Tloc           1%         N/A       56%         3
 Ozocubu's Armour         Ice            3%         N/A       56%         3
 Tukima's Dance           Hex            3%         N/A       56%         3
 Vampiric Draining        Necr           1%         2d6       56%         3
 Summon Ice Beast         Ice/Summ       9%         N/A       69%         4
 Summon Lightning Spire   Summ/Air       9%         N/A       69%         4
 Animate Dead             Necr           1%         N/A       92%         4
 Hailstorm                Conj/Ice       3%         3d3       92%         4
 Petrify                  Tmut/Erth      3%         N/A       92%         4
 Agony                    Necr           3%         N/A       99%         5
 Metabolic Englaciation   Hex/Ice        1%         N/A       99%         5
 Yara's Violent Unravell  Hex/Tmut       1%         3d3       99%         5


Dungeon Overview and Level Annotations

Branches:
Dungeon (6/15)
 Temple: D:4-7

Altars:
Gozag
Nemelex Xobeh
Yredelemnul

Annotations:
D:4 3 runed translucent doors, atabob's ghost, amateur DrCj
D:5 1 transporter


Innate Abilities, Weirdness & Mutations

You are immune to poison.
Your flesh is cold resistant. (rC+)
You are immune to negative energy. (rN+++)
You are immune to unholy pain and torment.
You are vulnerable to heat. (rF-)
You do not drink.


Message History

You are too injured to fight recklessly!
You are too injured to fight recklessly!
You are too injured to fight recklessly!
You are too injured to fight recklessly!
You are too injured to fight recklessly!
You hit the black bear.
The black bear is almost dead.
The black bear barely misses you.
The black bear claws you but does no damage.
The black bear claws you.
The black bear bites you but does no damage.
The black bear claws you but does no damage.
The black bear claws you.
You hit the black bear but do no damage.
The black bear is almost dead.
The black bear bites you. The black bear misses you.
The black bear barely misses you.
You hit the black bear.
The black bear is almost dead.
The black bear bites you but does no damage.
The black bear claws you but does no damage.
The black bear claws you.
* * * LOW HITPOINT WARNING * * *
Casting: Call Imp (safe; 7% risk of failure)
Confirm with . or Enter, or press ? or * to list all spells.
A beastly little devil appears in a puff of flame.
The black bear bites you.
* * * LOW HITPOINT WARNING * * *
The black bear claws you but does no damage.
The black bear closely misses you. The black bear bites you.
* * * LOW HITPOINT WARNING * * *
The black bear claws you.
* * * LOW HITPOINT WARNING * * *
The black bear claws you but does no damage.
You swap places.
Your crimson imp hits the black bear.
The black bear bites your crimson imp!
The black bear claws your crimson imp. x2
Your crimson imp dies!
The black bear bites you!
You die...
Yredelemnul claims you as an undead slave.

### ..# ###.# #
...# #.. ###..#
#....#....#
#......<..#######
#...####.$.h@.|.#
#. .......#####.#
..###.... ..#....
#.....^..#
#.#...##.#
#...#.. .# ##


You could see a black bear (berserk).

Vanquished Creatures
  A necrophage (D:5)
  An ogre (D:5)
  A phantom (D:5)
  A wyvern skeleton (D:5)
  A centaur zombie (D:5)
  A hound (D:4)
  An orc wizard (D:4)
  Ijyb (D:3)
  8 adders
  A howler monkey skeleton (D:5)
  An adder skeleton (D:4)
  2 dart slugs
  2 worms
  An orc (D:3)
  A bat (D:3)
  An endoplasm (D:4)
  3 giant cockroaches
  2 goblins
  A hobgoblin (D:4)
  A jackal (D:2)
  3 kobolds
  3 ball pythons
  A frilled lizard (D:2)
  2 rats (D:2)
  A spectral orc (D:4)
42 creatures vanquished.

Vanquished Creatures (collateral kills)
  A wraith (D:5)
  2 hounds
  An iguana (D:5)
  An orc wizard (D:4)
  3 adders
  2 adder skeletons
  A worm (D:4)
  2 dart slugs (D:2)
  7 orcs
  4 endoplasms
  3 giant cockroaches
  6 goblins
  7 hobgoblins
  7 jackals
  2 quokkas
  2 ball pythons
  A bat (D:2)
  3 kobolds
55 creatures vanquished.

Vanquished Creatures (others)
  A withered plant (D:1)
1 creature vanquished.

Grand Total: 98 creatures vanquished

Notes
Turn   | Place    | Note
-------+----------+-------------------------------------------
     0 | D:1      | bilbop the Mummy Summoner began the quest for the Orb.
     0 | D:1      | Reached XP level 1. HP: 13/13 MP: 4/4
   311 | D:1      | Found a faded altar of an unknown god.
   763 | D:1      | Reached XP level 2. HP: 20/20 MP: 1/5
  1633 | D:2      | Reached XP level 3. HP: 22/25 MP: 3/7
  1859 | D:2      | Reached skill level 1 in Fighting
  2548 | D:3      | Found an opulent altar of Gozag.
  2707 | D:3      | Reached XP level 4. HP: 32/32 MP: 5/8
  2872 | D:3      | Noticed Ijyb
  2890 | D:3      | Killed Ijyb
  2891 | D:3      | Reached skill level 1 in Short Blades
  3015 | D:3      | Reached skill level 1 in Shields
  3510 | D:4      | Reached XP level 5. HP: 37/37 MP: 7/10
  3587 | D:4      | Learned a level 2 spell: Call Imp
  3656 | D:4      | Found a basalt altar of Yredelemnul.
  3668 | D:4      | Became a worshipper of Yredelemnul the Dark
  3751 | D:4      | Found a runed translucent gate.
  3751 | D:4      | Found a runed translucent gate.
  3751 | D:4      | Noticed atabob's ghost (amateur DrCj)
  3887 | D:4      | Found a runed translucent gate.
  4591 | D:5      | Entered Level 5 of the Dungeon
  4591 | D:5      | Noticed a necrophage
  4592 | D:5      | Noticed an ogre
  4626 | D:5      | Identified a scroll of acquirement
  4675 | D:5      | Reached XP level 6. HP: 41/44 MP: 5/11
  4678 | D:5      | Acquired 754 gold pieces
  4821 | D:5      | Acquired 1167 gold pieces
  4895 | D:5      | Reached skill level 1 in Invocations
  4909 | D:5      | Reached * piety under Yredelemnul
  5127 | D:5      | Noticed a wraith
  5144 | D:5      | Killed a wraith
  5145 | D:5      | Reached XP level 7. HP: 51/51 MP: 5/13
  5688 | D:5      | Noticed a vampire mosquito
  5690 | D:5      | Found a sparkling altar of Nemelex Xobeh.
  5691 | D:5      | Found a transporter.
  5692 | D:5      | Noticed a yak
  6168 | D:6      | Slain by a black bear

Illustrated notes

Levels and vault maps discovered:
D:1:      elethiomel_arrival_infinity_welcomes_careful_drivers, layout_rooms,
          shapermc_ecumenical_altar_gd, minmay_misc_feat_more_columns
D:2:      layout_basic, minmay_pentomino_s2
D:3:      layout_loops_ring, old_standard_altar, uniq_ijyb
D:4:      layout_basic, yredelemnul_forgotten_temple_becter,
          gammafunk_ghost_split
D:5:      layout_loops_ring, grunt_nemelex_the_gamble, minmay_misc_feat_rows,
          st_stairs_6, minmay_liquid_box
D:6:      layout_basic, demons_altar, minivault_14

Skill      XL: |  1  2  3  4  5  6  7 |
---------------+----------------------+-----
Spellcasting   | 3 4 |  4.1
Fighting       | 1 2 |  2.4
Stealth        | 2 |  2.9
Dodging        | 2 |  2.9
Short Blades   | 1 2 |  2.1
Shields        | 1 2 |  2.0
Invocations    | 1 |  1.3
Summonings     | 4 |  4.0

Action                   |  1- 3 |  4- 6 |  7- 9 || total
-------------------------+-------+-------+-------++-------
Melee: Dagger            |   107 |   313 |    31 ||   451
 Cast: Summon Small Mamm |    81 |    31 |     4 ||   116
       Call Imp          |       |    32 |    16 ||    48
  Use: Scroll            |       |    10 |     1 ||    11
 Stab: Sleeping          |     6 |     1 |     1 ||     8
       Distracted        |       |     3 |       ||     3
Armor: Robe              |     4 |    66 |    33 ||   103
       Leather armour    |    41 |    26 |       ||    67
Dodge: Dodged            |    78 |   155 |    34 ||   267
Block: Buckler           |    17 |    53 |     9 ||    79

Table legend: (Time is in decaauts)
 A = Elapsed time spent in this place.
 B = Non-inter-level travel time spent in this place.
 C = Inter-level travel time spent in this place.
 D = Time resting spent in this place.
 E = Time spent auto-exploring this place.
 F = Levels seen in this place.
 G = Mean time per level.
                   A        B        C        D        E       F      G
               +--------+--------+--------+--------+--------+-----+--------+
         Total |   6169 |   5922 |    247 |    700 |   3755 |   6 | 1028.2 |
       Dungeon |   6169 |   5922 |    247 |    700 |   3755 |   6 | 1028.2 |
               +--------+--------+--------+--------+--------+-----+--------+

Top non-repeatable levels by time:
     D:1: 1427 daAuts
     D:5: 1394 daAuts
     D:4: 1147 daAuts
     D:3: 1099 daAuts
     D:2: 945 daAuts
     D:6: 155 daAuts
